 Dungeon Crawl Stone Soup version 0.26.1-11-gd32895ea62 (webtiles) character file.

Game seed: 6235966004416953674

2830 Kukuleta the Geomancer (level 9, 0/78 HPs)
             Began as a Yellow Draconian Earth Elementalist on June 23, 2021.
             Was a Believer of Vehumet.
             Slain by Harold
             ... wielding a +0 halberd
              (9 damage)
             ... on level 6 of the Dungeon.
             The game lasted 00:52:53 (10372 turns).

Kukuleta the Geomancer (DrEE)                      Turns: 10372, Time: 00:52:54

Health: 0/78       AC:  8    Str: 13      XL:     9   Next: 45%
Magic:  13/18      EV: 16    Int: 17      God:    Vehumet [**....]
Gold:   376        SH:  0    Dex: 10 (11) Spells: 4/20 levels left

rFire    . . .     SeeInvis .   A - +4 flail
rCold    . . .     Faith    .   (no shield)
rNeg     . . .     Spirit   .   (armour unavailable)
rPois    .         Reflect  .   (helmet restricted)
rElec    .         Harm     .   u - +0 cloak {rCorr}
rCorr    +         Rampage  .   (no gloves)
Will     .....                  (no boots)
Stlth    ++........             (no amulet)
HPRegen  0.23/turn              K - +4 ring of evasion
MPRegen  0.16/turn              J - +4 ring of slaying

@: marked, invisible
A: spit acid, unfitting armour, cold-blooded, acid resistance, AC +7
a: Breathe Acid, Renounce Religion


You were on level 6 of the Dungeon.
You worshipped Vehumet.
Vehumet was pleased with you.
You visited 2 branches of the dungeon, and saw 8 of its levels.

You collected 376 gold pieces.

Inventory:

Hand Weapons
 a - a +0 club
 c - a cursed +0 dagger
 d - a +0 mace
 g - a +0 hunting sling
 s - a +1 mace of holy wrath
 t - a +3 quarterstaff of chaos
 v - a +0 dagger of holy wrath
 A - a +4 flail (weapon)
 D - a +0 flail of protection
 L - a +1 flail of holy wrath
 P - a +0 morningstar of distortion
Missiles
 b - 106 stones
Armour
 i - a +0 robe
 p - a +0 cloak
 u - a +0 cloak of preservation (worn)
Jewellery
 k - an uncursed ring of ice
 m - an uncursed ring of stealth
 y - a cursed amulet of inaccuracy
 J - a +4 ring of slaying (right hand)
 K - a +4 ring of evasion (left hand)
Wands
 z - a wand of iceblast (13)
Scrolls
 e - 3 scrolls of teleportation
 f - 5 scrolls of remove curse
 h - 3 scrolls of enchant armour
 l - a scroll of blinking {unknown}
 w - a scroll of enchant weapon {unknown}
 x - 2 scrolls of noise {unknown}
 C - 2 scrolls of identify
 E - a scroll of magic mapping
 G - a scroll of fog {unknown}
 H - 3 scrolls of amnesia
 I - a scroll of brand weapon {unknown}
Potions
 j - 2 potions of heal wounds {unknown}
 n - a potion of cancellation {unknown}
 o - a potion of ambrosia {unknown}
 q - a potion of lignification {unknown}
 B - 2 potions of flight {unknown}
 F - a potion of haste
 M - 2 potions of curing {unknown}
 N - 2 potions of mutation {unknown}
 O - a potion of berserk rage {unknown}


   Skills:
 + Level 6.5 Fighting
 + Level 3.5 Maces & Flails
 - Level 1.8 Dodging
 - Level 1.9 Stealth
 - Level 0.4 Unarmed Combat
 + Level 6.0 Spellcasting
 * Level 4.3 Transmutations
 - Level 8.3 Earth Magic


You had 4 spell levels left.
You knew the following spells:

 Your Spells              Type           Power        Failure   Level
a - Sandblast             Erth           66%          1%          1
b - Freeze                Ice            20%          13%         1
c - Stone Arrow           Conj/Erth      38%          7%          3
d - Passwall              Tmut/Erth      21%          1%          2
e - Lee's Rapid Deconstr  Erth           16%          12%         5
f - Petrify               Tmut/Erth      26%          10%         4

Your spell library contained the following spells:

 Spells                   Type           Power        Failure   Level
 Mephitic Cloud           Conj/Pois/Air  5%           36%         3
 Beastly Appendage        Tmut           38%          2%          1


Dungeon Overview and Level Annotations

Branches:
Dungeon (7/15)             Temple (1/1) D:7

Altars:
Ashenzari
Cheibriados
Dithmenos
Elyvilon
Fedhas
Gozag
Kikubaaqudgha
Makhleb
Nemelex Xobeh
Okawaru
Qazlal
Ru
Sif Muna
Trog
Vehumet
Wu Jian
Xom
Yredelemnul
Zin
The Shining One
Lugonu

Annotations:
D:6 Harold


Innate Abilities, Weirdness & Mutations

You can spit globs of acid.
Your golden yellow scales are hard. (AC +7)
You cannot fit into any form of body armour.
You are cold-blooded and may be slowed by cold attacks.
You are resistant to acid. (rCorr)


Message History

Press: ? - help, Shift-Dir - straight line, f/p - Harold
Aim: Harold, wielding a +0 halberd and wearing a +0 chain mail (9% to evade)
The blast of sand hits Harold!
Harold is lightly wounded.
Harold hits you with a +0 halberd.
Casting: Sandblast (safe; 1% risk of failure)
Confirm with . or Enter, or press ? or * to list all spells.
Aiming: Stone Arrow (dangerous; 7% risk of failure)
Press: ? - help, Shift-Dir - straight line, f/p - Harold
Aim: Harold, wielding a +0 halberd and wearing a +0 chain mail (lightly wounded, 15% to evade)
The stone arrow hits Harold.
Harold is lightly wounded.
Harold hits you with a +0 halberd.
You barely miss Harold.
Harold is lightly wounded.
Harold hits you with a +0 halberd!!
* * * LOW HITPOINT WARNING * * *
You fade into invisibility!
Harold hits you with a +0 halberd!
You die...

#.............#...#.....
#...........###...#.....
#.............'.........
#............##.......##
#.....................#.
##....................#.
#......................
#......................
####.....@................
#.......@.................
#.........##..............
#.........##.............#
#........................#
#..............###........
#..............#)#........
#####..............###........
#......................#......


You could see Harold.

Vanquished Creatures
  Pikel (D:4)
  2 humans (D:7)
  Edmund (D:6)
  2 orc warriors
  A black bear (D:5)
  2 phantoms
  A necrophage (D:5)
  2 ogres
  A big kobold (D:7)
  A gnoll sergeant (D:7)
  A scorpion (D:7)
  A howler monkey (D:6)
  A bullfrog zombie (D:7)
  A crimson imp (D:5)
  A quasit (D:7)
  A centaur zombie (D:7)
  5 hounds
  3 orc wizards
  A centaur skeleton (D:7)
  3 orc priests (D:7)
  2 bullfrog skeletons
  Crazy Yiuf (D:2)
  Ijyb (D:3)
  2 iguanas
  5 worker ants
  A hound zombie (D:7)
  A hound skeleton (D:5)
  5 gnolls (D:7)
  8 adders
  2 shadow imps
  2 white imps (D:6)
  2 oozes
  An adder zombie (D:6)
  2 adder skeletons
  3 worms
  5 leopard geckos
  19 orcs
  7 bats
  9 giant cockroaches
  8 goblins
  12 hobgoblins
  11 kobolds
  5 quokkas
  2 ball pythons
  4 frilled lizards
  A leopard gecko zombie (D:6)
  23 rats
176 creatures vanquished.

Vanquished Creatures (others)
  A plant (D:3)
1 creature vanquished.

Grand Total: 177 creatures vanquished

Notes
Turn   | Place    | Note
-------+----------+-------------------------------------------
     0 | D:1      | Kukuleta the Draconian Earth Elementalist began the quest
                  | for the Orb.
     0 | D:1      | Reached XP level 1. HP: 14/14 MP: 3/3
   327 | D:1      | Reached XP level 2. HP: 3/20 MP: 0/5
   777 | D:1      | Learned a level 2 spell: Passwall
  1952 | D:2      | Reached XP level 3. HP: 26/27 MP: 3/6
  2115 | D:2      | Reached skill level 1 in Fighting
  2412 | D:2      | Found a white marble altar of Elyvilon.
  2545 | D:2      | Reached skill level 4 in Earth Magic
  2581 | D:2      | Reached XP level 4. HP: 29/35 MP: 4/8
  2885 | D:2      | Found a runed translucent door.
  2886 | D:2      | Noticed Crazy Yiuf
  2928 | D:2      | Found a sacrificial altar of Ru.
  2933 | D:2      | Found a radiant altar of Vehumet.
  2937 | D:2      | Became a worshipper of Vehumet
  2983 | D:2      | Killed Crazy Yiuf
  3353 | D:3      | Found a blossoming altar of Fedhas.
  3383 | D:3      | Found an ancient bone altar of Kikubaaqudgha.
  3413 | D:3      | Reached XP level 5. HP: 23/41 MP: 7/9
  4211 | D:3      | Found an opulent altar of Gozag.
  4414 | D:3      | You fall into a shaft and drop 3 floors!
  4428 | D:6      | Reached * piety under Vehumet
  4428 | D:6      | Offered knowledge of Shock by Vehumet.
  4523 | D:5      | Entered Level 5 of the Dungeon
  4540 | D:5      | Noticed an ogre
  4553 | D:5      | Killed an ogre
  4554 | D:5      | Reached skill level 5 in Earth Magic
  4554 | D:5      | Reached XP level 6. HP: 50/50 MP: 5/11
  4674 | D:5      | Found a shimmering blue altar of Sif Muna.
  4683 | D:5      | Identified Sif Muna's Reference Book on Snow and
                  | Transmigration
  4956 | D:4      | Noticed Pikel
  5019 | D:4      | Killed Pikel
  5020 | D:4      | Reached skill level 6 in Earth Magic
  5020 | D:4      | Your scales start taking on a golden yellow colour.
  5020 | D:4      | Reached XP level 7. HP: 19/59 MP: 4/13
  5020 | D:4      | Gained mutation: You are resistant to acid. (rCorr) [Yellow
                  | Draconian growth]
  5024 | D:4      | Learned a level 3 spell: Stone Arrow
  5386 | D:4      | Found a glowing golden altar of the Shining One.
  5388 | D:4      | Found a shimmering altar of Xom.
  5388 | D:4      | Found a basalt altar of Yredelemnul.
  5390 | D:4      | Found a shadowy altar of Dithmenos.
  5390 | D:4      | Found a shimmering altar of Xom.
  5390 | D:4      | Found a radiant altar of Vehumet.
  5729 | D:3      | Noticed Ijyb
  5733 | D:3      | Killed Ijyb
  6094 | D:5      | Found a bloodstained altar of Trog.
  6101 | D:5      | Reached skill level 7 in Earth Magic
  6189 | D:5      | Learned a level 1 spell: Freeze
  6244 | D:5      | Reached XP level 8. HP: 67/67 MP: 8/15
  6772 | D:5      | Reached skill level 5 in Fighting
  7045 | D:5      | Found a broken altar of Ashenzari.
  7116 | D:5      | Reached skill level 5 in Spellcasting
  7672 | D:6      | Learned a level 5 spell: Lee's Rapid Deconstruction
  7778 | D:6      | Noticed Edmund
  7786 | D:6      | Killed Edmund
  7787 | D:6      | Reached skill level 1 in Maces & Flails
  7787 | D:6      | Reached skill level 8 in Earth Magic
  9018 | D:7      | Found an iron altar of Okawaru.
  9050 | D:7      | Reached XP level 9. HP: 61/75 MP: 2/17
  9318 | D:7      | Found a staircase to the Ecumenical Temple.
  9327 | Temple   | Entered the Ecumenical Temple
  9419 | D:7      | Reached ** piety under Vehumet
  9419 | D:7      | Offered knowledge of Magic Dart by Vehumet.
  9575 | D:7      | Learned a level 4 spell: Petrify
  9746 | D:7      | Found a glowing silver altar of Zin.
  9767 | D:7      | Noticed Harold
 10313 | D:7      | Offered knowledge of Mephitic Cloud by Vehumet.
 10372 | D:6      | Slain by Harold

Illustrated notes

Levels and vault maps discovered:
D:1:      onia_arrival_mini_maze, layout_loops_ring, serial_forest,
          infiniplex_forest_clump_tiny, infiniplex_forest_end_3,
          infiniplex_forest_lined_4_way, infiniplex_forest_end_1,
          infiniplex_forest_lined_room_2
D:2:      layout_rooms, elyvilon_altar_5, gammafunk_temple_overflow_statue,
          minmay_rat_hole, uniq_crazy_yiuf_cottage
D:3:      layout_rooms, grunt_temple_overflow_growth_and_decay,
          grunt_gozag_breadcrumbs, serial_curves, eino_curves_04,
          eino_curves_02, uniq_ijyb
D:4:      minmay_inner_zag, layout_gridville, doesnt_xom_only_xom, uniq_pikel
D:5:      minmay_spotlight, layout_basic, nzn_overflow_gifts_of_might_and_magic,
          nicolae_ashenzari_panopticon, minmay_fire_ice_demons
D:6:      layout_basic, serial_glass, glass_columns_a, glass_columns_a,
          glass_columns_c, glass_columns_b, due_unseen_surprise,
          item_on_display_a, feat_on_display, feat_on_display, uniq_edmund
D:7:      layout_loops_cross, lemuel_round_altar, okawaru_humans,
          temple_statues, uniq_harold
Temple:   corrupted_temple

Skill      XL: |  1  2  3  4  5  6  7  8  9 |
---------------+----------------------------+-----
Fighting       | 1 2 4 5 6 |  6.5
Earth Magic    | 4 5 6 7 8 |  8.3
Spellcasting   | 3 4 5 6 |  6.0
Maces & Flails | 2 3 |  3.5
Transmutations | 2 4 |  4.3
Dodging        | |  1.8
Stealth        | |  1.9
Unarmed Combat | |  0.4

Action                   |  1- 3 |  4- 6 |  7- 9 || total
-------------------------+-------+-------+-------++-------
Melee: Club              |    69 |       |       ||    69
       Unarmed           |    18 |       |       ||    18
       Tailslap          |     9 |     8 |    13 ||    30
       Mace              |    26 |    68 |       ||    94
       Dagger            |       |    58 |       ||    58
       Flail             |       |    16 |   135 ||   151
 Cast: Sandblast         |    27 |    57 |    97 ||   181
       Stone Arrow       |       |       |    23 ||    23
       Lee's Rapid Decon |       |       |     6 ||     6
       Passwall          |       |       |     2 ||     2
       Freeze            |       |       |     1 ||     1
       Petrify           |       |       |     3 ||     3
 Abil: Breathe Acid      |       |       |     2 ||     2
  Use: Scroll            |     1 |     5 |     9 ||    15
       Potion            |       |       |     2 ||     2
 Stab: Sleeping          |     1 |     3 |       ||     4
Armor: Skin              |    59 |    57 |    81 ||   197
Dodge: Dodged            |    97 |   148 |   152 ||   397
